 Dungeon Crawl Stone Soup version 0.17.1-2-g5865329 (webtiles) character file.

1302 PossumBlood the Archer (level 8, -13/50 HPs)
             Began as a High Elf Hunter on Jan 25, 2016.
             Was a Follower of Okawaru.
             Mangled by a hill giant
             ... wielding a cursed -2 giant club
              (16 damage)
             ... on level 6 of the Dungeon on Jan 26, 2016.
             The game lasted 00:17:30 (5296 turns).

PossumBlood the Archer (High Elf Hunter)            Turns: 5296, Time: 00:17:30

Health: -13/50     AC:  5    Str: 11    XL:     8   Next: 31%
Magic:  9/9        EV: 12    Int: 19    God:    Okawaru [*.....]
Gold:   445        SH:  0    Dex: 18    Spells: 0 memorised, 7 levels left

rFire  . . .     SeeInvis .     a - +2 shortbow
rCold  . . .     Clarity  .     c - +0 leather armour
rNeg   . . .     SustAt   .     (shield currently unavailable)
rPois  .         Gourm    .     o - +0 hat
rElec  .         Spirit   .     w - +0 cloak
rCorr  .         Warding  .     (no gloves)
rMut   .         Stasis   .     C - +0 pair of boots
MR     .....                    (no amulet)
Stlth  ++........               (no ring)
                                p - +4 ring of intelligence

@: hasted, very quick, not resistant to hostile enchantments, unstealthy
A: no striking features
a: Heroism, Renounce Religion


You were on level 6 of the Dungeon.
You worshipped Okawaru.
Okawaru was aware of your devotion.
You were not hungry.

You visited 2 branches of the dungeon, and saw 7 of its levels.

You collected 445 gold pieces.

Inventory:

Hand Weapons
 a - a +2 shortbow (weapon)
 b - a +0 short sword
 g - a +1 short sword of protection
 z - a +3 dagger of venom
 A - a +2 dagger of speed
Missiles
 d - 70 arrows (quivered)
 r - 20 arrows of flame
Armour
 c - a +0 leather armour (worn)
 o - a +0 hat (worn)
 w - a +0 cloak (worn)
 C - a +0 pair of boots (worn)
Jewellery
 p - a +4 ring of intelligence (left hand)
 D - a +3 ring of dexterity {unknown}
Wands
 v - a wand of lightning (5)
Scrolls
 f - 2 scrolls of identify
 i - 3 scrolls of remove curse
 k - 2 scrolls of recharging
 y - a scroll of teleportation
 B - a scroll of summoning {unknown}
Potions
 j - 2 potions of might
 l - a potion of mutation
 m - 3 potions of curing
 n - a potion of degeneration {unknown}
 s - a potion of heal wounds {unknown}
 t - a potion of agility {unknown}
 u - a potion of haste
Books
 h - a book of Callings

   Spells                             Type                      Level
   a - Summon Small Mammal            Summoning                    1
   b - Call Imp                       Summoning                    2
   c - Call Canine Familiar           Summoning                    3
   d - Summon Guardian Golem          Hexes/Summoning              3
   e - Summon Lightning Spire         Summoning/Air                4
   f - Summon Ice Beast               Ice/Summoning                4
 x - a book of Geomancy

   Spells                             Type                      Level
   a - Sandblast                      Earth                        1
   b - Stoneskin                      Transmutation/Earth          2
   c - Passwall                       Transmutation/Earth          3
   d - Stone Arrow                    Conjuration/Earth            3
   e - Petrify                        Transmutation/Earth          4
   f - Lee's Rapid Deconstruction     Earth                        5
Comestibles
 e - 4 bread rations
 q - 2 meat rations


   Skills:
 - Level 2.0 Fighting
 * Level 13.6 Bows
 - Level 2.1 Dodging
 - Level 1.1 Stealth


You had 7 spell levels left.
You didn't know any spells.

Dungeon Overview and Level Annotations

Branches:
Dungeon (6/15)             Temple (1/1) D:5

Altars:
Ashenzari
Cheibriados
Dithmenos
Elyvilon
Fedhas
Gozag
Kikubaaqudgha
Makhleb
Nemelex Xobeh
Okawaru
Qazlal
Ru
Sif Muna
Trog
Vehumet
Xom
Yredelemnul
Zin
The Shining One


Message History

Press: ? - help, Shift-Dir - straight line, f/p - hill giant
Aim: a hill giant, wielding a giant club (heavily wounded)
You shoot an arrow. The arrow hits the hill giant!
The hill giant is severely wounded.
Firing (i - inventory. (,) - cycle):
d - 71 arrows (quivered)
Press: ? - help, Shift-Dir - straight line, f/p - hill giant
Aim: a hill giant, wielding a giant club (severely wounded)
You shoot an arrow. The arrow hits the hill giant.
The hill giant is severely wounded.
The hill giant hits you with a giant club!!
Ouch! That really hurt!
* * * LOW HITPOINT WARNING * * *
You are too injured to fight recklessly!
You are too injured to fight recklessly!
You are too injured to fight recklessly!
You are too injured to fight recklessly!
Drink which item? (? for menu, Esc to quit)
You feel yourself speed up.
The hill giant hits you with a giant club!
You die...

#. #.. ##### #..
#.... #.. +....
###.##########
#....
#........@$..#
#....
#.........C..#
#....
#..........(.....
#....
###.#######.(....
#.... #.# ..(.$.
#.... #.# ...([.
#.### #.#####
...(. #.# #.....#
##### #.# #####.#
#.#


You could see a hill giant.

Vanquished Creatures
  A sky beast (D:5)
  A centaur (D:5)
  A phantom (D:3)
  An ogre (D:5)
  Blork the orc (D:4)
  2 scorpions
  8 orc wizards
  2 giant frog skeletons
  4 orc priests
  2 iguanas
  2 hounds
  2 worker ants
  8 gnolls
  A shadow imp (D:5)
  5 adders
  An ooze (D:5)
  3 giant geckos
  20 orcs
  2 giant cockroaches
  6 goblins
  4 hobgoblins
  12 jackals
  5 kobolds (D:2)
  5 quokkas
  2 ball pythons
  8 bats
  4 giant newts
  2 jackal skeletons
  A quokka skeleton (D:5)
  8 rats
124 creatures vanquished.

Notes
Turn   | Place    | Note
--------------------------------------------------------------
     0 | D:1      | PossumBlood the High Elf Hunter began the quest for the Orb.
     0 | D:1      | Reached XP level 1. HP: 14/14 MP: 2/2
   187 | D:1      | Reached XP level 2. HP: 19/19 MP: 3/3
   253 | D:1      | Reached skill level 6 in Bows
  1005 | D:2      | Reached XP level 3. HP: 24/24 MP: 4/4
  1076 | D:2      | Found an opulent altar of Gozag.
  1323 | D:2      | Reached skill level 7 in Bows
  1745 | D:3      | Noticed a phantom
  1772 | D:3      | Killed a phantom
  1772 | D:3      | Reached skill level 8 in Bows
  1772 | D:3      | Reached XP level 4. HP: 14/29 MP: 5/5
  1772 | D:3      | Reached XP level 5. HP: 16/34 MP: 6/6
  2677 | D:4      | Reached skill level 9 in Bows
  2732 | D:4      | Reached XP level 6. HP: 34/39 MP: 7/7
  3033 | D:4      | Reached skill level 10 in Bows
  3230 | D:4      | Noticed Blork the orc
  3245 | D:4      | Killed Blork the orc
  3560 | D:5      | Entered Level 5 of the Dungeon
  3830 | D:5      | Reached skill level 11 in Bows
  3830 | D:5      | Reached XP level 7. HP: 45/45 MP: 8/8
  4005 | D:5      | Found a staircase to the Ecumenical Temple.
  4024 | Temple   | Entered the Ecumenical Temple
  4052 | Temple   | Became a worshipper of Warmaster Okawaru
  4164 | D:5      | Reached skill level 12 in Bows
  4815 | D:6      | Reached XP level 8. HP: 46/50 MP: 9/9
  4909 | D:6      | Reached skill level 13 in Bows
  4916 | D:6      | Reached * piety under Okawaru
  5280 | D:6      | Noticed a hill giant
  5295 | D:6      | HP: 2/50 [hill giant/giant club (30)]
  5296 | D:6      | Mangled by a hill giant

Action                   |  1- 3 |  4- 6 |  7- 9 || total
-------------------------+-------+-------+-------++-------
 Fire: Shortbow          |   131 |   152 |   199 ||   482
  Use: Scroll            |       |    10 |       ||    10
       Potion            |       |     1 |     1 ||     2
  Eat: Bread ration      |     1 |       |     1 ||     2
       Pizza             |       |     1 |       ||     1
       Beef jerky        |       |     1 |     2 ||     3
